 Dungeon Crawl Stone Soup version 0.31-a0-983-g7b6862f502 (webtiles) character file.

Game seed: 3460971210705995406

25 Xavori the Trooper (level 3, 30/30 HPs)
             Began as a Djinni Chaos Knight on Nov 3, 2023.
             Was a Plaything of Xom.
             Quit the game on level 1 of the Dungeon.
             The game lasted 00:00:51 (9812 turns).

Xavori the Trooper (Djinni Chaos Knight)            Turns: 9812, Time: 00:00:51

Health: 30/30      AC:  5    Str: 15    XL:     3   Next: 20%
Gold:   17         EV: 12    Int: 12    God:    Xom [......] SH:  0 Dex: 13

rFire   + + .        a - +0 falchion (chaos)
rCold   x . .        (no shield)
rNeg    . . .        b - +2 leather armour
rPois   ∞            (no helmet)
rElec   .            (no cloak)
rCorr   .            (no gloves)
SInv    .            (boots unavailable)
Will    .....        (no amulet)
Stlth   +            (no ring)
HPRegen 0.25/turn    (no ring)
MPRegen 0.00/turn

%: no passive effects
@: flying
A: sickness immunity, fire resistance 2, cold vulnerability 1, float, innate
caster, HP casting, extra vitality 1, strong 1
a: Renounce Religion


You were on level 1 of the Dungeon.
You worshipped Xom.
You were a BORING thing.
You visited 1 branch of the dungeon, and saw 2 of its levels.

You collected 17 gold pieces.

Inventory:

Hand Weapons
 a - a +0 falchion of chaos (weapon)
Armour
 b - a +2 leather armour (worn)
Scrolls
 c - a scroll of butterflies
 d - a scroll of identify {unknown}
 e - a scroll of vulnerability {unknown}
 f - a scroll of enchant armour {unknown}
 g - a scroll of teleportation {unknown}
Potions
 h - a potion of might {unknown}


   Skills:
 + Level 3.2 Fighting
 + Level 2.9 Long Blades
 + Level 1.4 Armour
 + Level 2.5 Dodging
 * Level 0.7 Spellcasting
 * Level 0.7 Conjurations
 * Level 0.7 Hexes
   Level 0.0 Charms
 * Level 0.7 Summonings
 * Level 0.7 Necromancy
 * Level 0.7 Translocations
 * Level 0.7 Transmutations
 * Level 0.7 Fire Magic
 * Level 0.7 Ice Magic
 * Level 0.7 Air Magic
 * Level 0.7 Earth Magic
 * Level 0.7 Poison Magic


You knew the following spells:

 Your Spells              Type           Power      Damage    Failure   Level
a - Sandblast             Erth           4%         2d4       28%         1
Your spell library was empty.

Dungeon Overview and Level Annotations

Branches:
Dungeon (2/15)

Altars:


Innate Abilities, Weirdness & Mutations

You are immune to sickness and miasma.
You are immune to poison.
Your flesh is very heat resistant. (rF++)
You are vulnerable to cold. (rC-)
You float through the air rather than walking.
You learn spells naturally, not from books.
Your magical power is your life essence.
You have superior vitality. (+4 MHP)
Your muscles are strong. (Str +4, Int/Dex -1)


Message History

You start waiting.
You start waiting.
You start waiting.
You start waiting.
Done waiting.
You start waiting.
Done waiting.
You start waiting.
Done waiting.
You start waiting.
Done waiting.
You start waiting. "You need some minor improvements, mortal!"
Your body is suffused with distortional energy.
You feel stronger.
You start waiting.
You start waiting.
Done waiting.
You start waiting.
Done waiting.
You start waiting.
You start waiting.
Done waiting.
You start waiting. "Time to have some fun!"
There are monsters nearby!
There are monsters nearby!
There are monsters nearby!
There are monsters nearby!
You fly downwards.
There is a stone staircase leading up here.
You start waiting.
Xom is getting BORED.
You start waiting.
Xom is getting BORED.
You start waiting.
You are now a BORING thing.
You fly upwards.
There is a stone staircase leading down here.
Are you sure you want to abandon this character and quit the game? (Confirm with "yes".)

.##...# #..............##.....
.##...## ###..##...........##8###
.#⌠...⌠###....##............###
.##.[.##...#..##.......#.########
.##...##.####.####..##...# #...#
.##...#### #.#.....##.### #...#
.#8...8# ###.#.##......#####...#
.##...## #.....#....##....##...#
..#...#####..##.@...............#
#................#.........##...#
#.##.......................##...#
.......##...####.#.........##..|#
..##.......## #.#.........######
.....##..#.# #.........###
#.#####.)..#####..⌠...⌠..# #.#
#....:..>.##...###...#
#.###.........##...'<#..##


There were no monsters in sight!

Vanquished Creatures
  A ball python (D:1)
  4 bats (D:1)
  3 endoplasms
  3 giant cockroaches (D:1)
  3 goblins (D:1)
  A quokka (D:1)
  3 frilled lizards (D:1)
  2 kobolds (D:1)
  3 rats (D:1)
23 creatures vanquished.

Notes
Turn   | Place    | Note
-------+----------+-------------------------------------------
     0 | D:1      | Xavori the Djinni Chaos Knight began the quest for the Orb.
     0 | D:1      | Reached XP level 1. HP: 20/20 MP: 0/0
    81 | D:1      | Reached XP level 2. HP: 24/25 MP: 0/0
   139 | D:1      | XOM: divination: magic mapping
   300 | D:1      | Reached XP level 3. HP: 30/30 MP: 0/0
   300 | D:1      | Learned a level 1 spell: Sandblast
  2085 | D:1      | XOM is BORED!
  2578 | D:1      | XOM: silly message
  2739 | D:1      | XOM: silly message
  3256 | D:1      | XOM: silly message
  4642 | D:1      | XOM: divination: magic mapping
  4803 | D:1      | XOM: silly message
  4985 | D:1      | XOM: silly message
  5227 | D:1      | XOM: silly message
  6108 | D:1      | XOM: silly message
  6614 | D:1      | XOM: divination: magic mapping
  6761 | D:1      | XOM: silly message
  7032 | D:1      | XOM: silly message
  7497 | D:1      | XOM is BORED!
  7497 | D:1      | XOM: summons 1 hostile demon
  7498 | D:1      | Noticed a chaos spawn
  8531 | D:1      | XOM: silly message
  9165 | D:1      | XOM: give mutation
  9165 | D:1      | Gained mutation: Your muscles are strong. (Str +4, Int/Dex
                  | -1) [Xom's mischief]
  9680 | D:1      | XOM: summons 2 hostile demons
  9812 | D:1      | Quit the game

Illustrated notes

Levels and vault maps discovered:
D:1:      scummos_arrival_simple_fountains, layout_rooms, serial_corexii_hall,
          corexii_hall_statues_i, chequers_hall_statues_y, minmay_tromino_i4
D:2:      layout_rooms, serial_shops, shop, hangedman_glass_teeth,
          hangedman_decor_growths, kennysheep_crisscross,
          kennysheep_big_empty_room, minmay_misc_feat_alley, glass_columns_a,
          dreamdust_wishing_well, kennysheep_doodads, uniq_robin

Action                     || total
---------------------------++-------
  Melee: Falchion          ||    54
 Armour: Leather armour    ||    36
  Dodge: Dodged            ||    33

Table legend: (Time is in decaauts)
 A = Elapsed time spent in this place.
 B = Non-inter-level travel time spent in this place.
 C = Inter-level travel time spent in this place.
 D = Time resting spent in this place.
 E = Time spent auto-exploring this place.
 F = Levels seen in this place.
 G = Mean time per level.
                   A        B        C        D        E       F      G
               +--------+--------+--------+--------+--------+-----+--------+
         Total |   9824 |   9808 |     16 |   9238 |    424 |   2 | 4912.0 |
       Dungeon |   9824 |   9808 |     16 |   9238 |    424 |   2 | 4912.0 |
               +--------+--------+--------+--------+--------+-----+--------+

Top non-repeatable levels by time:
     D:1: 9384 daAuts
     D:2: 439 daAuts
